PCL
LAS VEGAS STARS @ MEXICO CITY CERVECEROS
09/02/2024
 
TOP OF THE 1ST
Las Vegas Stars batting - Pitching for Mexico City Cerveceros : RHP Honorato Mota
Pitching: RHP Honorato Mota
Batting: RHB Matthieu Vancini 0-0: Ball
1-0: Foul Ball, location: 2F
1-1: Ball
2-1: Swinging Strike
2-2: Ball
3-2: Strikes out swinging
Batting: LHB Eliot Helen 0-0: Called Strike
0-1: Ball
1-1: Foul Ball, location: 2F
1-2: Foul Ball, location: 2F
1-2: Reached on error, E4 (Groundball, 4)
Batting: LHB Mike Mitchell 0-0: Called Strike
0-1: Called Strike
0-2: Ball
1-2: Foul Ball, location: 2F
1-2: Ball
2-2: Foul Ball, location: 2F
2-2: Foul Ball, location: 2F
2-2: Ball
3-2: DOUBLE (Line Drive, 7LM)
Eliot Helen to third
Batting: SHB Sloan James 0-0: Fly out, F7 (Flyball, 7LM)
Batting: LHB Evan Slootweg 0-0: Ball
1-0: Ball
2-0: Called Strike
2-1: Ground out 4-3 (Groundball, 4)
Top of the 1st over - 0 run(s), 1 hit(s), 1 error(s), 2 left on base; Las Vegas 0 - Mexico City 0
BOTTOM OF THE 1ST
Mexico City Cerveceros batting - Pitching for Las Vegas Stars : RHP Ramón Pérez
Pitching: RHP Ramón Pérez
Batting: LHB Sammy Marshall 0-0: Foul Ball, location: 2F
0-1: Ball
1-1: Foul Ball, location: 2F
1-2: SOLO HOME RUN (Flyball, 9D), Distance : 352 ft
Batting: RHB Dennis Stephenson 0-0: Ball
1-0: Fly out, F9 (Flyball, 89S)
Batting: RHB Dave Morgan 0-0: SINGLE (Line Drive, 7S)
Batting: LHB Francisco Franco 0-0: Ball
1-0: Ball
2-0: Swinging Strike
2-1: Swinging Strike
2-2: Grounds into double play, 4-6-3 (Groundball, 4)
Bottom of the 1st over - 1 run(s), 2 hit(s), 0 error(s), 0 left on base; Las Vegas 0 - Mexico City 1
TOP OF THE 2ND
Las Vegas Stars batting - Pitching for Mexico City Cerveceros : RHP Honorato Mota
Batting: RHB Xin Zhang 0-0: Ball
1-0: Called Strike
1-1: Foul Ball, location: 2F
1-2: Ball
2-2: Fly out, F4 (Popup, 6MS)
Batting: LHB Fernando De La Cruz 0-0: Fly out, F6 (Popup, 4MS)
Batting: RHB Orlando García 0-0: Ball
1-0: Foul Ball, location: 2F
1-1: Ball
2-1: Foul Ball, location: 2F
2-2: Reached on error, E4 (Groundball, 4)
Batting: RHB Ryan Campbell 0-0: Foul Ball, location: 2F
0-1: Foul Ball, location: 2F
0-2: Fly out, F7 (Flyball, 78M)
Top of the 2nd over - 0 run(s), 0 hit(s), 1 error(s), 1 left on base; Las Vegas 0 - Mexico City 1
BOTTOM OF THE 2ND
Mexico City Cerveceros batting - Pitching for Las Vegas Stars : RHP Ramón Pérez
Batting: RHB Lorenzo Ayala 0-0: Ball
1-0: Called Strike
1-1: Ball
2-1: Foul Ball, location: 2F
2-2: Ball
3-2: Base on Balls
Batting: LHB Júlio Cedeño 0-0: Foul Ball, location: 2F
0-1: Foul Ball, location: 2F
0-2: Foul Ball, location: 2F
0-2: Ball
1-2: SINGLE (Line Drive, 89S)
Lorenzo Ayala to second
Batting: RHB Robinson Pacheco 0-0: Ball
1-0: Foul Ball, location: 2F
1-1: Fly out, F7 (Flyball, 7S)
Batting: RHB Naomi Kitamura 0-0: Called Strike
0-1: Foul Ball, location: 2F
0-2: Ball
1-2: Ball
2-2: Strikes out swinging
Batting: RHB Ernesto Jiménez 0-0: Called Strike
0-1: Ground out 1-3 (Groundball, 23)
Bottom of the 2nd over - 0 run(s), 1 hit(s), 0 error(s), 2 left on base; Las Vegas 0 - Mexico City 1
TOP OF THE 3RD
Las Vegas Stars batting - Pitching for Mexico City Cerveceros : RHP Honorato Mota
Batting: RHB Matthieu Vancini 0-0: Ball
1-0: Foul Ball, location: 2F
1-1: Ball
2-1: SINGLE (Groundball, 4M)
Batting: LHB Eliot Helen 0-0: Called Strike
0-1: Grounds into double play, 4-6-3 (Groundball, 4)
Batting: LHB Mike Mitchell 0-0: Ball
1-0: Called Strike
1-1: Ball
2-1: Ground out 1-3 (Groundball, 3S)
Top of the 3rd over - 0 run(s), 1 hit(s), 0 error(s), 0 left on base; Las Vegas 0 - Mexico City 1
BOTTOM OF THE 3RD
Mexico City Cerveceros batting - Pitching for Las Vegas Stars : RHP Ramón Pérez
Batting: LHB Sammy Marshall 0-0: Ball
1-0: Foul Ball, location: 2F
1-1: Ball
2-1: Called Strike
2-2: Foul Ball, location: 2F
2-2: SINGLE (Groundball, 4MD)
Batting: RHB Dennis Stephenson 0-0: Called Strike
0-1: Foul Ball, location: 2F
0-2: Foul Ball, location: 2F
0-2: Ball
1-2: SINGLE (Line Drive, 56D)
Sammy Marshall to second
Batting: RHB Dave Morgan 0-0: Ball
1-0: Called Strike
1-1: Ball
2-1: Foul Ball, location: 2F
2-2: Ball
3-2: Strikes out swinging
Batting: LHB Francisco Franco 0-0: Grounds into double play, 4-6-3 (Groundball, 4)
Bottom of the 3rd over - 0 run(s), 2 hit(s), 0 error(s), 1 left on base; Las Vegas 0 - Mexico City 1
TOP OF THE 4TH
Las Vegas Stars batting - Pitching for Mexico City Cerveceros : RHP Honorato Mota
Batting: SHB Sloan James 0-0: Called Strike
0-1: Swinging Strike
0-2: Ball
1-2: Strikes out swinging
Batting: LHB Evan Slootweg 0-0: Called Strike
0-1: SOLO HOME RUN (Flyball, 89XD), Distance : 394 ft
Batting: RHB Xin Zhang 0-0: Called Strike
0-1: Foul Ball, location: 2F
0-2: Ball
1-2: Ball
2-2: Ball
3-2: Strikes out swinging
Batting: LHB Fernando De La Cruz 0-0: Called Strike
0-1: Ball
1-1: Ball
2-1: Foul Ball, location: 2F
2-2: Ball
3-2: Strikes out swinging
Top of the 4th over - 1 run(s), 1 hit(s), 0 error(s), 0 left on base; Las Vegas 1 - Mexico City 1
BOTTOM OF THE 4TH
Mexico City Cerveceros batting - Pitching for Las Vegas Stars : RHP Ramón Pérez
Batting: RHB Lorenzo Ayala 0-0: Ball
1-0: Swinging Strike
1-1: Ball
2-1: Called Strike
2-2: Ball
3-2: Strikes out swinging
Batting: LHB Júlio Cedeño 0-0: Called Strike
0-1: Ball
1-1: Ball
2-1: Ball
3-1: Called Strike
3-2: Base on Balls
Batting: RHB Robinson Pacheco 0-0: Ball
1-0: Foul Ball, location: 2F
1-1: Ball
2-1: Foul Ball, location: 2F
2-2: Foul Ball, location: 2F
2-2: Foul Ball, location: 2F
2-2: Ball
3-2: Foul Ball, location: 2F
3-2: Base on Balls
Júlio Cedeño to second
Batting: RHB Naomi Kitamura 0-0: Fly out, F7 (Flyball, 78D)
Batting: RHB Ernesto Jiménez 0-0: Called Strike
0-1: SINGLE (Groundball, 56D)
Júlio Cedeño to third
Robinson Pacheco to second
Runner from 3rd tries for Home, SAFE, throw made home
Batting: LHB Sammy Marshall 0-0: Ball
1-0: Ball
2-0: Fly out, F3 (Popup, 3F)
Bottom of the 4th over - 1 run(s), 1 hit(s), 0 error(s), 2 left on base; Las Vegas 1 - Mexico City 2
TOP OF THE 5TH
Las Vegas Stars batting - Pitching for Mexico City Cerveceros : RHP Honorato Mota
Now in CF: Jesús Núñez
Batting: RHB Orlando García 0-0: Called Strike
0-1: Ball
1-1: Ball
2-1: Ball
3-1: Swinging Strike
3-2: SOLO HOME RUN (Flyball, 9LD), Distance : 323 ft
Batting: RHB Ryan Campbell 0-0: Ball
1-0: Ground out 5-3 (Groundball, 56S)
Batting: RHB Matthieu Vancini 0-0: Called Strike
0-1: Swinging Strike
0-2: Ball
1-2: Foul Ball, location: 2F
1-2: Ball
2-2: Ball
3-2: Base on Balls
Batting: LHB Eliot Helen 0-0: Ball
1-0: Called Strike
1-1: Ball
2-1: Swinging Strike
2-2: Ground out 3-1 (Groundball, 34S)
Matthieu Vancini to second
Batting: LHB Mike Mitchell 0-0: Foul Ball, location: 2F
0-1: Ball
1-1: Foul Ball, location: 2F
1-2: Ball
2-2: Ground out 4-3 (Groundball, 4)
Top of the 5th over - 1 run(s), 1 hit(s), 0 error(s), 1 left on base; Las Vegas 2 - Mexico City 2
BOTTOM OF THE 5TH
Mexico City Cerveceros batting - Pitching for Las Vegas Stars : RHP Ramón Pérez
Batting: RHB Dennis Stephenson 0-0: Called Strike
0-1: Swinging Strike
0-2: Ground out 1-3 (Groundball, 13S)
Batting: RHB Dave Morgan 0-0: Ball
1-0: Called Strike
1-1: Ball
2-1: Called Strike
2-2: Ball
3-2: Base on Balls
Batting: LHB Francisco Franco 0-0: Ball
Balk!
Dave Morgan to second
1-0: Ball
2-0: Fly out, F7 (Popup, 56D)
Batting: RHB Lorenzo Ayala 0-0: Ground out 5-3 (Groundball, 56)
Bottom of the 5th over - 0 run(s), 0 hit(s), 0 error(s), 1 left on base; Las Vegas 2 - Mexico City 2
TOP OF THE 6TH
Las Vegas Stars batting - Pitching for Mexico City Cerveceros : RHP Honorato Mota
Pitching: RHP Jonathan Long
Batting: SHB Sloan James 0-0: DOUBLE (Groundball, 3L)
Batting: LHB Evan Slootweg 0-0: Ball
1-0: Called Strike
1-1: Foul Ball, location: 2F
1-2: Ball
2-2: Ball
3-2: SINGLE (Groundball, 4MS)
Sloan James to third
Batting: RHB Xin Zhang 0-0: Ball
1-0: Swinging Strike
1-1: Ball
2-1: Ball
3-1: Base on Balls
Evan Slootweg to second
Batting: LHB Fernando De La Cruz 0-0: Ball
1-0: Called Strike
1-1: Ball
2-1: Ball
3-1: Base on Balls
Sloan James scores
Evan Slootweg to third
Xin Zhang to second
Batting: RHB Orlando García 0-0: Foul Ball, location: 2F
0-1: Ball
1-1: Fly out, F7 (Flyball, 7D)
Runner from 3rd tags up, SCORES, no throw
Xin Zhang to third
Batting: RHB Ryan Campbell 0-0: Grounds into double play, 5-4-3 (Groundball, 56)
Top of the 6th over - 2 run(s), 2 hit(s), 0 error(s), 1 left on base; Las Vegas 4 - Mexico City 2
BOTTOM OF THE 6TH
Mexico City Cerveceros batting - Pitching for Las Vegas Stars : RHP Ramón Pérez
Batting: LHB Jesús Núñez 0-0: Foul Ball, location: 2F
0-1: Foul Ball, location: 2F
0-2: Fly out, F9 (Flyball, 9M)
Batting: RHB Robinson Pacheco 0-0: Fly out, F9 (Flyball, 8RM)
Batting: RHB Naomi Kitamura 0-0: Ball
1-0: Called Strike
1-1: Fly out, F3 (Popup, 3SF)
Bottom of the 6th over - 0 run(s), 0 hit(s), 0 error(s), 0 left on base; Las Vegas 4 - Mexico City 2
TOP OF THE 7TH
Las Vegas Stars batting - Pitching for Mexico City Cerveceros : RHP Jonathan Long
Batting: RHB Matthieu Vancini 0-0: Ball
1-0: Ball
2-0: Foul Ball, location: 2F
2-1: Ball
3-1: Foul Ball, location: 2F
3-2: Fly out, F8 (Flyball, 8LS)
Pitching: RHP David Escobido
Batting: LHB Eliot Helen 0-0: Called Strike
0-1: Called Strike
0-2: Foul Ball, location: 2F
0-2: Strikes out swinging
Batting: LHB Mike Mitchell 0-0: Ball
1-0: Ball
2-0: Ball
3-0: Base on Balls
Batting: SHB Sloan James 0-0: Ball
1-0: Called Strike
1-1: Foul Ball, location: 2F
1-2: Foul Ball, location: 2F
1-2: Ground out 3-1 (Groundball, 3)
Top of the 7th over - 0 run(s), 0 hit(s), 0 error(s), 1 left on base; Las Vegas 4 - Mexico City 2
BOTTOM OF THE 7TH
Mexico City Cerveceros batting - Pitching for Las Vegas Stars : RHP Ramón Pérez
Pitching: RHP António Martínez
Batting: RHB Ernesto Jiménez 0-0: Called Strike
0-1: Fly out, F6 (Popup, 6MD)
Batting: LHB Sammy Marshall 0-0: Ball
1-0: Ball
2-0: Fly out, F8 (Flyball, 8LM)
Batting: RHB Dennis Stephenson 0-0: SINGLE (Line Drive, 34D)
Batting: RHB Dave Morgan 0-0: 2-RUN HOME RUN (Flyball, 78XD), Distance : 449 ft
Pitching: LHP Byung-ki Cho
Pinch Hitting: RHB Iván Gonzáles 0-0: Ball
1-0: Ball
2-0: SINGLE (Groundball, 4MD)
Batting: RHB Lorenzo Ayala 0-0: Ball
1-0: Ball
2-0: Ball
3-0: Foul Ball, location: 2F
3-1: Foul Ball, location: 2F
3-2: Base on Balls
Iván Gonzáles to second
Pitching: RHP Sugimoto Kuhabara
Pinch Hitting: RHB John Anderson 0-0: Ball
1-0: Foul Ball, location: 2F
1-1: Ball
2-1: Ground out 5-3 (Groundball, 56)
Bottom of the 7th over - 2 run(s), 3 hit(s), 0 error(s), 2 left on base; Las Vegas 4 - Mexico City 4
TOP OF THE 8TH
Las Vegas Stars batting - Pitching for Mexico City Cerveceros : RHP David Escobido
Now at 1B: John Anderson
Now in CF: Henning Huisman
Batting: LHB Evan Slootweg 0-0: Ball
1-0: Foul Ball, location: 2F
1-1: Foul Ball, location: 2F
1-2: Foul Ball, location: 2F
1-2: Ball
2-2: Ground out 5-3 (Groundball, 56)
Batting: RHB Xin Zhang 0-0: Called Strike
0-1: Ball
1-1: Foul Ball, location: 2F
1-2: Strikes out swinging
Batting: LHB Fernando De La Cruz 0-0: Foul Ball, location: 2F
0-1: Ground out 4-3 (Groundball, 4)
Top of the 8th over - 0 run(s), 0 hit(s), 0 error(s), 0 left on base; Las Vegas 4 - Mexico City 4
BOTTOM OF THE 8TH
Mexico City Cerveceros batting - Pitching for Las Vegas Stars : RHP Sugimoto Kuhabara
Pinch Hitting: LHB Kevin Beasley 0-0: Swinging Strike
0-1: Called Strike
0-2: Ball
1-2: Ball
2-2: SINGLE (Line Drive, 4MD)
Batting: RHB Naomi Kitamura 0-0: Bunt missed!
0-1: Bunted foul
0-2: Fly out, F8 (Flyball, 8LM)
Batting: RHB Ernesto Jiménez 0-0: Swinging Strike
0-1: Foul Ball, location: 2F
0-2: Ball
1-2: Strikes out swinging
Batting: LHB Sammy Marshall 0-0: DOUBLE (Line Drive, 89S)
Kevin Beasley to third
Batting: RHB Dennis Stephenson 0-0: DOUBLE (Flyball, 8RXD)
Kevin Beasley scores
Sammy Marshall scores
Batting: RHB Dave Morgan 0-0: Called Strike
0-1: Ball
1-1: Fly out, F3 (Popup, 3F)
Bottom of the 8th over - 2 run(s), 3 hit(s), 0 error(s), 1 left on base; Las Vegas 4 - Mexico City 6
TOP OF THE 9TH
Las Vegas Stars batting - Pitching for Mexico City Cerveceros : RHP David Escobido
Pitching: RHP Bill Bygrove
Now at 3B: Orlando González
Batting: RHB Orlando García 0-0: Called Strike
0-1: Foul Ball, location: 2F
0-2: Ball
1-2: Ball
2-2: Ball
3-2: Fly out, F7 (Flyball, 78S)
Batting: RHB Ryan Campbell 0-0: Foul Ball, location: 2F
0-1: Ball
1-1: Ball
2-1: SINGLE (Flyball, 8LS)
Batting: RHB Matthieu Vancini 0-0: Called Strike
0-1: Ball
1-1: Called Strike
1-2: Ball
2-2: Foul Ball, location: 2F
2-2: Ball
3-2: Base on Balls
Ryan Campbell to second
Batting: LHB Eliot Helen 0-0: Ball
1-0: Foul Ball, location: 2F
1-1: Ball
2-1: Ground out 3-1 (Groundball, 34)
Ryan Campbell to third
Matthieu Vancini to second
Batting: LHB Mike Mitchell 0-0: Swinging Strike
0-1: 3-RUN HOME RUN (Line Drive, 9D), Distance : 357 ft
Pitching: RHP Jared Cameron
Batting: SHB Sloan James 0-0: Called Strike
0-1: Foul Ball, location: 2F
0-2: Hit by Pitch
Batting: LHB Evan Slootweg 0-0: Foul Ball, location: 2F
0-1: Called Strike
0-2: Ball
1-2: Foul Ball, location: 2F
1-2: Strikes out swinging
Top of the 9th over - 3 run(s), 2 hit(s), 0 error(s), 1 left on base; Las Vegas 7 - Mexico City 6
BOTTOM OF THE 9TH
Mexico City Cerveceros batting - Pitching for Las Vegas Stars : RHP Sugimoto Kuhabara
Pitching: RHP Mike Drader
Now at 3B: Joe Scott
Pinch Hitting: RHB Pablo Trujillo 0-0: Called Strike
0-1: Ball
1-1: DOUBLE (Flyball, 8RXD)
Batting: RHB Lorenzo Ayala 0-0: Called Strike
0-1: Ball
1-1: Called Strike
1-2: Fly out, F8 (Flyball, 8LXD)
Runner from 2nd tags up, SAFE at 3rd, no throw
Batting: RHB John Anderson 0-0: Ball
1-0: Ball
2-0: Foul Ball, location: 2F
2-1: SINGLE (Groundball, 56)
Pablo Trujillo scores
Batting: RHB Orlando González 0-0: Swinging Strike
0-1: Ball
1-1: Foul Ball, location: 2F
1-2: Ball
2-2: Foul Ball, location: 2F
2-2: Ball
3-2: Base on Balls
John Anderson to second
Batting: RHB Naomi Kitamura 0-0: Foul Ball, location: 2F
0-1: Foul Ball, location: 2F
0-2: Ball
1-2: Fly out, F9 (Flyball, 89D)
Runner from 2nd tags up, SAFE at 3rd, no throw
Batting: RHB Ernesto Jiménez 0-0: Ball
1-0: Fly out, F5 (Popup, 25F)
Bottom of the 9th over - 1 run(s), 2 hit(s), 0 error(s), 2 left on base; Las Vegas 7 - Mexico City 7
TOP OF THE 10TH
Las Vegas Stars batting - Pitching for Mexico City Cerveceros : RHP Jared Cameron
Pitching: RHP Leonard Lewis
Now in LF: Pablo Trujillo
Batting: RHB Joe Scott 0-0: Ball
1-0: Swinging Strike
1-1: Foul Ball, location: 2F
1-2: SINGLE (Line Drive, 4MD)
Batting: LHB Fernando De La Cruz 0-0: Foul Ball, location: 2F
0-1: Sac Bunt - play at second, runner OUT! 1-6
Batting: RHB Orlando García 0-0: Swinging Strike
0-1: Ball
1-1: Swinging Strike
1-2: Ball
2-2: Strikes out looking
Batting: RHB Ryan Campbell 0-0: Foul Ball, location: 2F
0-1: Called Strike
0-2: Foul Ball, location: 2F
0-2: Strikes out swinging
Top of the 10th over - 0 run(s), 1 hit(s), 0 error(s), 1 left on base; Las Vegas 7 - Mexico City 7
BOTTOM OF THE 10TH
Mexico City Cerveceros batting - Pitching for Las Vegas Stars : RHP Mike Drader
Batting: LHB Sammy Marshall 0-0: Foul Ball, location: 2F
0-1: Ball
1-1: Fly out, F9 (Flyball, 9D)
Batting: RHB Dennis Stephenson 0-0: Ground out 4-3 (Groundball, 34)
Batting: RHB Dave Morgan 0-0: Called Strike
0-1: Ball
1-1: Fly out, F3 (Popup, 3F)
Bottom of the 10th over - 0 run(s), 0 hit(s), 0 error(s), 0 left on base; Las Vegas 7 - Mexico City 7
TOP OF THE 11TH
Las Vegas Stars batting - Pitching for Mexico City Cerveceros : RHP Leonard Lewis
Batting: RHB Matthieu Vancini 0-0: Ball
1-0: Ball
2-0: Ball
3-0: Base on Balls
Batting: LHB Eliot Helen 0-0: Called Strike
0-1: Ball
Throwing error on steal attempt, E2
Matthieu Vancini to third
1-1: Ball
2-1: Called Strike
2-2: Foul Ball, location: 2F
2-2: Foul Ball, location: 2F
2-2: Ball
3-2: Strikes out looking
Batting: LHB Mike Mitchell 0-0: Ball
1-0: Ball
2-0: Ball
3-0: Base on Balls
Batting: SHB Sloan James 0-0: Called Strike
0-1: Ball
1-1: Swinging Strike
1-2: Ball
2-2: Foul Ball, location: 2F
2-2: Strikes out swinging
Batting: LHB Evan Slootweg 0-0: SINGLE (Line Drive, 8LS)
Matthieu Vancini scores
Mike Mitchell to second
Batting: RHB Joe Scott 0-0: Ball
1-0: Ground out 5-3 (Groundball, 56S)
Top of the 11th over - 1 run(s), 1 hit(s), 1 error(s), 2 left on base; Las Vegas 8 - Mexico City 7
BOTTOM OF THE 11TH
Mexico City Cerveceros batting - Pitching for Las Vegas Stars : RHP Mike Drader
Pitching: RHP Wayne Barksdale
Batting: RHB Pablo Trujillo 0-0: Swinging Strike
0-1: Foul Ball, location: 2F
0-2: Ball
1-2: Strikes out swinging
Batting: RHB Lorenzo Ayala 0-0: Ball
1-0: Foul Ball, location: 2F
1-1: Ball
2-1: Ball
3-1: Base on Balls
Batting: RHB John Anderson 0-0: 2-RUN HOME RUN (Flyball, 78XD), Distance : 387 ft
This league is powered by Out of the Park Baseball, the baseball management simulation game for PC, Mac and Linux
Saturday, April 9th, 2016 - OOTP Baseball 16.8 Build 38